 Seeded DCSS version 0.28-a0-1152-g9c71ebef14 (webtiles) character file.

Game seed: 20211215 (custom seed)

29868 a11behringer the Severer (level 13, -6/114 HPs)
             Began as a Minotaur Berserker on Dec 15, 2021.
             Was an Elder of Trog.
             Mangled by a phantasmal warrior (22 damage)
             ... led by a death knight
             ... on level 14 of the Dungeon.
             The game lasted 00:45:14 (13822 turns).

a11behringer the Severer (Minotaur Berserker)      Turns: 13822, Time: 00:45:14

Health: -6/114     AC: 24    Str: 28    XL:     13   Next: 17%
Magic:  12/12      EV: 11    Int:  8    God:    Trog [****..]
Gold:   704        SH:  0    Dex: 22    Spells: 12/12 levels left

rFire   + . .      SeeInvis +   a - +8 frozen axe "Frostbite" {freezing cloud, *Noise Fly rC+}
rCold   + . .      Faith    .   (shield currently unavailable)
rNeg    + + .      Spirit   .   k - +1 plate armour {rN+}
rPois   +          Reflect  .   (helmet restricted)
rElec   .          Harm     .   x - +0 cloak "Vepumit" {+Inv rC- Int+4 Dex+4}
rCorr   +          Rampage  .   f - +2 pair of gloves
Will    .....                   t - +2 pair of boots
Stlth   ..........              (no amulet)
HPRegen 0.29/turn               G - ring "Ugifo" {rPois rN+ rCorr Dex+4}
MPRegen 0.13/turn               i - ring "Woonauw" {rF+ rC+ Dex+5 SInv}

@: on berserk cooldown, flying
A: horns 2, retaliatory headbutt
a: Renounce Religion, Evoke Invisibility, Berserk, Trog's Hand, Brothers in Arms


You were on level 14 of the Dungeon.
You worshipped Trog.
Trog was greatly pleased with you.
You visited 1 branch of the dungeon, and saw 14 of its levels.
You visited 1 bazaar.

You collected 743 gold pieces.
You spent 39 gold pieces at shops.

Inventory:

Hand Weapons
 a - the +8 frozen axe "Frostbite" (weapon) {freezing cloud, *Noise Fly rC+}
   (You found it on level 11 of the Dungeon)

   It freezes those it strikes, dealing additional cold damage.
   It can also slow down cold-blooded creatures.
   It occasionally leaves clouds of freezing vapour upon striking a foe.
   It grants immunity to clouds of freezing vapour.
   rC:        It protects you from cold.
   Fly:       It grants you flight.
   *Noise:    It may make noises in combat.
 q - a +0 vorpal war axe
 r - a +1 longbow of flaming
 v - a +5 spear of venom
 H - the +8 shortbow "Sepyfrewk" {venom, rC- Str+8 Int+3 Dex-5}
   (You found it on level 13 of the Dungeon)

   Any ammunition fired from it poisons the flesh of those it strikes.
   Str:       It affects your strength (+8).
   Int:       It affects your intelligence (+3).
   Dex:       It affects your dexterity (-5).
   rC:        It makes you vulnerable to cold.
Missiles
 c - 482 arrows
Armour
 e - a scarf of repulsion
 f - a +2 pair of gloves (worn)
 k - a +1 plate armour of positive energy (worn)
 l - a +0 troll leather armour
 t - a +2 pair of boots (worn)
 x - the +0 cloak "Vepumit" (worn) {+Inv rC- Int+4 Dex+4}
   (You found it on level 4 of the Dungeon)

   Int:       It affects your intelligence (+4).
   Dex:       It affects your dexterity (+4).
   rC:        It makes you vulnerable to cold.
   +Inv:      It lets you turn invisible.
 y - a +1 robe of positive energy
 L - a +2 robe of cold resistance
 R - a +0 tower shield
 S - a +0 cloak
Jewellery
 i - the ring "Woonauw" (right hand) {rF+ rC+ Dex+5 SInv}
   (You acquired it on level 7 of the Dungeon)

   [ring of protection from cold]

   Dex:       It affects your dexterity (+5).
   rF:        It protects you from fire.
   rC:        It protects you from cold.
   SInv:      It lets you see invisible.
 u - a +4 ring of protection
 C - a ring of resist corrosion
 G - the ring "Ugifo" (left hand) {rPois rN+ rCorr Dex+4}
   (You acquired it on level 11 of the Dungeon)

   [ring of poison resistance]

   Dex:       It affects your dexterity (+4).
   rPois:     It protects you from poison.
   rN:        It protects you from negative energy.
   rCorr:     It protects you from acid and corrosion.
Wands
 b - a wand of digging (14)
 m - a wand of paralysis (3)
 F - a wand of polymorph (7)
 K - a wand of flame (17)
 V - a wand of iceblast (21)
 W - a wand of mindburst (12)
 Y - a wand of charming (3)
Scrolls
 h - a scroll of holy word
 j - 3 scrolls of teleportation
 n - a scroll of identify
 s - a scroll of summoning
 I - a scroll of magic mapping
 Q - a scroll of enchant armour
 X - a scroll of blinking
 Z - a scroll of brand weapon
Potions
 d - 4 potions of heal wounds
 g - 2 potions of magic {unknown}
 o - a potion of cancellation {unknown}
 p - 4 potions of attraction
 z - 2 potions of ambrosia {unknown}
 E - 2 potions of mutation
 J - a potion of berserk rage {unknown}
 M - a potion of invisibility {unknown}
 O - 5 potions of curing
 P - a potion of resistance {unknown}
 T - 2 potions of brilliance {unknown}
Miscellaneous
 D - a tin of tremorstones (2/2)
 N - a piece from Xom's chessboard (15/15)


   Skills:
 + Level 10.5 Fighting
 * Level 19.8(20.0) Axes
 + Level 4.0(13.6) Polearms
 + Level 11.0 Armour
 + Level 5.6 Dodging
 - Level 4.8 Shields
 * Level 4.6 Evocations


You had 12 spell levels left.
You didn't know any spells.
Your spell library was empty.

Dungeon Overview and Level Annotations

Branches:
Dungeon (14/15)            Temple (0/1) D:7            Lair (0/6) D:10
    Orc (0/2) D:9          Vaults (0/5) D:13

Altars:
Cheibriados
Dithmenos
Fedhas
Kikubaaqudgha
Okawaru
Yredelemnul

Shops:
D:10 (

Annotations:
D:4 3 runed translucent doors, Gentlefood's ghost, amateur DrTm


Innate Abilities, Weirdness & Mutations

You have a pair of horns on your head.
You reflexively headbutt those who attack you in melee.


Message History

Found 21 gold pieces.
There are monsters nearby!
The death knight's dark mirror aura disappears.
A phantasmal warrior comes into view.
The gargoyle hurls a stone arrow at you.
The stone arrow misses you.
The gargoyle hurls a stone arrow at you.
The stone arrow hits you!
* * * LOW HITPOINT WARNING * * *
The phantasmal warrior gestures at you.
The phantasmal warrior blinks!
The death knight mumbles some strange prayers to Yredelemnul against you.
Your body is wracked with pain!
* * * LOW HITPOINT WARNING * * *
The phantasmal warrior gestures at you.
The phantasmal warrior blinks!
The death knight closely misses you. You furiously retaliate!
You headbutt the death knight, but do no damage.
The death knight calls down the wrath of Yredelemnul upon you.
Your body is wracked with pain!
* * * LOW HITPOINT WARNING * * *
The phantasmal warrior gestures at you.
The phantasmal warrior blinks!
The phantasmal warrior gestures at you.
The phantasmal warrior blinks!
You feel yourself speed up.
The phantasmal warrior hits you but does no damage.
The death knight barely misses you. You furiously retaliate!
You headbutt the death knight.
The phantasmal warrior completely misses you.
The phantasmal warrior gestures at you.
The phantasmal warrior blinks!
There is a shaft here.
The phantasmal warrior gestures at you.
The phantasmal warrior blinks!
An electric eel comes into view.
The phantasmal warrior gestures at you.
The phantasmal warrior blinks!
The phantasmal warrior hits you!!
You die...

..... #...###### #.....
#........# ......
#........# ≈.....
#........#########
≈.....
##.§..W.#.W.......
≈...≈≈
#..^9...#.........
.....≈
#....####.........
G.....
#.p..##...........
....#.
#@W..##.....##.... ....#
...≈....W..##.....##...#
+####
........#####.....##...#
. ........# #...........
. .....≈S.+ +..>Wp......
. ......≈.# #....W...#..
. ....≈≈≈.# #........# .
. ....≈≈≈.. #.......[# .
###''....#


You could see a death knight, a phantasmal warrior, 2 freezing wraiths, a
gargoyle and an electric eel.

Vanquished Creatures
  Nessos (D:13)
  Erolcha (D:9)
  4 hydras
  Erica (D:9)
  2 two-headed ogres
  6 centaur warriors
  A deep elf pyromancer (D:12)
  An orc knight (D:13)
  Pikel (D:5)
  6 cyclopes
  3 ugly things
  2 gargoyles (D:12)
  An unseen horror (D:13)
  Maggie (D:6)
  A freezing wraith (D:11)
  A komodo dragon (D:13)
  A yaktaur (shapeshifter) (D:13)
  3 meliai (D:12)
  An ice devil (D:11)
  2 trolls (D:12)
  A hornet (D:11)
  Prince Ribbit (D:6)
  5 slime creatures (D:14)
  2 dream sheep (D:9)
  2 vampires
  A spriggan (shapeshifter) (D:14)
  A wraith (D:12)
  A shadow (D:12)
  A wyvern (D:9)
  14 yaks
  3 steam dragons
  15 humans (D:13)
  6 vampire mosquitoes
  Menkaure (D:5)
  A black bear (D:6)
  2 ice beasts
  3 orc warriors
  A sky beast (D:6)
  2 ogres
  13 centaurs
  5 kobold brigands
  6 bullfrogs
  A gnoll sergeant (D:9)
  2 scorpions (D:7)
  9 wights (D:8)
  3 vampire bats (D:10)
  6 howler monkeys
  3 centaur zombies
  3 bullfrog zombies
  5 hounds
  A jelly (D:4)
  Crazy Yiuf (D:6)
  A centaur skeleton (D:4)
  2 bullfrog skeletons (D:6)
  4 orc priests
  A gnoll shaman (D:10)
  2 iguanas
  6 orc wizards
  A killer bee zombie (D:9)
  6 howler monkey zombies
  12 gnolls
  5 adders
  6 white imps (D:11)
  An adder skeleton (D:4)
  2 worms (D:2)
  5 dart slugs
  41 orcs
  3 bat skeletons (D:10)
  3 bat zombies (D:10)
  12 endoplasms
  2 giant cockroaches
  6 goblins
  9 hobgoblins
  3 quokkas
  10 ball pythons
  4 bats
  2 frilled lizards (D:3)
  8 kobolds
  6 rats
324 creatures vanquished.

Vanquished Creatures (collateral kills)
  A human (D:13)
1 creature vanquished.

Vanquished Creatures (others)
  A bush (D:7)
  A fungus (D:4)
  13 plants
  A withered plant (D:3)
16 creatures vanquished.

Grand Total: 341 creatures vanquished

Notes
Turn   | Place    | Note
-------+----------+-------------------------------------------
     0 | D:1      | a11behringer the Minotaur Berserker began the quest for the
                  | Orb.
     0 | D:1      | Reached XP level 1. HP: 19/19 MP: 0/0
    61 | D:1      | Found a faded altar of an unknown god.
   137 | D:1      | Reached skill level 4 in Axes
   260 | D:1      | Reached XP level 2. HP: 27/27 MP: 1/1
   276 | D:1      | You fall into a shaft and drop 1 floor!
   331 | D:2      | Reached XP level 3. HP: 13/33 MP: 2/2
  1023 | D:1      | Reached ** piety under Trog
  1193 | D:2      | Reached skill level 5 in Axes
  1811 | D:3      | Reached XP level 4. HP: 40/40 MP: 3/3
  1937 | D:3      | Reached skill level 6 in Axes
  2074 | D:3      | Found a basalt altar of Yredelemnul.
  2087 | D:3      | Reached XP level 5. HP: 38/47 MP: 4/4
  2724 | D:4      | Found a runed translucent gate.
  2724 | D:4      | Found a runed translucent gate.
  2724 | D:4      | Found a runed translucent gate.
  2724 | D:4      | Noticed Gentlefood's ghost (amateur DrTm)
  2957 | D:4      | Found an iron altar of Okawaru.
  3125 | D:4      | Reached skill level 7 in Axes
  3125 | D:4      | Reached XP level 6. HP: 53/53 MP: 5/5
  3203 | D:4      | Identified the +0 cloak "Vepumit" {+Inv rC- Int+4 Dex+4}
  3444 | D:5      | Entered Level 5 of the Dungeon
  3455 | D:5      | Noticed Pikel
  3487 | D:5      | Killed Pikel
  3488 | D:5      | Reached skill level 5 in Fighting
  3488 | D:5      | Reached skill level 9 in Axes
  3488 | D:5      | Reached XP level 7. HP: 61/61 MP: 6/6
  3548 | D:5      | Noticed Menkaure
  3557 | D:5      | Killed Menkaure
  3883 | D:6      | Reached XP level 8. HP: 43/69 MP: 7/7
  4038 | D:6      | Reached skill level 10 in Axes
  4178 | D:6      | Noticed Maggie
  4196 | D:6      | Killed Maggie
  4197 | D:6      | Reached skill level 11 in Axes
  4197 | D:6      | Reached skill level 5 in Armour
  4395 | D:6      | Reached *** piety under Trog
  4489 | D:6      | Noticed Prince Ribbit
  4502 | D:6      | Killed Prince Ribbit
  4562 | D:6      | Reached XP level 9. HP: 75/75 MP: 8/8
  4575 | D:6      | Reached skill level 12 in Axes
  4833 | D:6      | Found a runed translucent door.
  4834 | D:6      | Noticed Crazy Yiuf
  5008 | D:6      | Killed Crazy Yiuf
  5242 | D:7      | Found a blossoming altar of Fedhas.
  5611 | D:7      | Found a staircase to the Ecumenical Temple.
  5907 | D:7      | Reached skill level 13 in Axes
  6209 | D:7      | Identified a scroll of acquirement
  6209 | D:7      | Acquired the ring "Woonauw" {rF+ rC+ Dex+5 SInv}
  6253 | D:8      | Found a shadowy altar of Dithmenos.
  6567 | D:8      | Reached skill level 14 in Axes
  6567 | D:8      | Reached XP level 10. HP: 61/84 MP: 9/9
  6576 | D:8      | Reached skill level 5 in Dodging
  6767 | D:8      | Noticed a cyclops
  6775 | D:8      | Killed a cyclops
  7413 | D:9      | Found a staircase to the Orcish Mines.
  7551 | D:9      | Reached skill level 15 in Axes
  7569 | D:9      | HP: 2/86 [poisoned by a gnoll sergeant]
  7875 | D:9      | Noticed a two-headed ogre
  7880 | D:9      | Killed a two-headed ogre
  7881 | D:9      | Reached skill level 1 in Shields
  7948 | D:9      | Noticed Erica
  7958 | D:9      | Killed Erica
  8221 | D:9      | Noticed Erolcha
  8228 | D:9      | Killed Erolcha
  8229 | D:9      | Reached skill level 16 in Axes
  8229 | D:9      | Reached XP level 11. HP: 94/94 MP: 10/10
  8481 | D:9      | Noticed a three-headed hydra
  8494 | D:9      | Killed a three-headed hydra
  8596 | D:10     | Entered Level 10 of the Dungeon
  8602 | D:10     | Identified the +5 long sword "Xushruots" {freeze, Int+6}
  8623 | D:10     | Reached **** piety under Trog
  8674 | D:10     | Found an ancient bone altar of Kikubaaqudgha.
  8737 | D:10     | Found Unuifan's Weapon Boutique.
  8739 | D:10     | Identified the +1 robe "Jesiw" {rElec rN+ Will+}
  8957 | D:10     | Found a staircase to the Lair.
  9349 | D:10     | Found a snail-covered altar of Cheibriados.
  9793 | D:11     | Acquired the ring "Ugifo" {rPois rN+ rCorr Dex+4}
  9870 | D:11     | Reached skill level 1 in Polearms
  9888 | D:11     | Reached skill level 17 in Axes
 10359 | D:11     | Found the +8 frozen axe "Frostbite" {freezing cloud, *Noise
                  | Fly rC+}
 10930 | D:12     | Reached skill level 1 in Evocations
 11210 | D:12     | Noticed a deep elf pyromancer
 11211 | D:12     | Noticed a five-headed hydra
 11223 | D:12     | Killed a six-headed hydra
 11230 | D:12     | Killed a deep elf pyromancer
 11385 | D:12     | Reached skill level 10 in Armour
 11385 | D:12     | Reached XP level 12. HP: 93/105 MP: 11/11
 11622 | D:12     | Noticed a five-headed hydra
 11631 | D:12     | Killed a five-headed hydra
 11632 | D:12     | Reached skill level 18 in Axes
 11782 | D:12     | Found a gateway to a bazaar.
 11793 | Bazaar   | Entered a bazaar
 11793 | Bazaar   | Found Urphus's Magic Scroll Shoppe.
 11793 | Bazaar   | Found Huxof's Book Shoppe.
 11793 | Bazaar   | Found Hiej's Assorted Antiques.
 11795 | Bazaar   | Found Neesuf's Armour Emporium.
 11810 | Bazaar   | Bought a lumpy amethyst potion for 18 gold pieces
 11810 | Bazaar   | Bought a scroll labelled CUSUTW YCAKH for 21 gold pieces
 12207 | D:12     | Noticed a five-headed hydra
 12212 | D:12     | Killed a five-headed hydra
 12511 | D:13     | Noticed a two-headed ogre
 12511 | D:13     | Noticed Nessos
 12511 | D:13     | Noticed a centaur warrior
 12511 | D:13     | Found a gate to the Vaults.
 12519 | D:13     | Killed a two-headed ogre
 12519 | D:13     | Noticed a centaur warrior
 12522 | D:13     | Killed Nessos
 12524 | D:13     | Killed a centaur warrior
 12525 | D:13     | Reached skill level 10 in Fighting
 12694 | D:13     | Killed a centaur warrior
 12695 | D:13     | Reached skill level 19 in Axes
 12806 | D:13     | Noticed a centaur warrior
 12816 | D:13     | Killed a centaur warrior
 12843 | D:13     | Identified the +8 shortbow "Sepyfrewk" {venom, rC- Str+8
                  | Int+3 Dex-5}
 13079 | D:13     | Noticed a centaur warrior
 13082 | D:13     | Noticed a centaur warrior
 13090 | D:13     | Killed a centaur warrior
 13091 | D:13     | Killed a centaur warrior
 13092 | D:13     | Reached XP level 13. HP: 110/114 MP: 12/12
 13794 | D:14     | HP: 1/114 [cyan ugly thing (13)]
 13822 | D:14     | Mangled by a phantasmal warrior

Illustrated notes

Levels and vault maps discovered:
D:1:      zelgadis_glass_arrival_small, layout_basic,
          hellmonk_ecumenical_altar_heavens_door, minmay_split_cup_large
D:2:      layout_rooms
D:3:      minmay_skewed_foursquare, layout_basic, yredelemnul_altar_generic,
          mrwooster_statue_mirror, minmay_misc_feat_iff, serial_bayou_pond_b
D:4:      layout_basic, okawaru_gym_becter, gammafunk_ghost_nasty_kobolds
D:5:      lemuel_ice_spiral_2, layout_rooms, chequers_serial_rivers_marsh,
          uniq_menkaure, uniq_pikel
D:6:      layout_loops_corners, uniq_prince_ribbit1, uniq_crazy_yiuf_cottage,
          uniq_maggie
D:7:      layout_basic, fedhas_bush_and_centaur_altar, minmay_temple_entry_wispy
D:8:      layout_gridville, nicolae_dithmenos_through_a_glass_darkly
D:9:      layout_loops_ring, hiddenorc2_lemuel, hangedman_ranch, uniq_erica,
          uniq_erolcha
D:10:     layout_layer_cave, mainiacjoe_overflow_24_doors,
          kennysheep_vampire_church, lair_entry_dummy, minmay_shop_grid_forest
D:11:     layout_long_grid, serial_rivers, chequers_serial_rivers_micro_b,
          chequers_serial_rivers_small_b, chequers_serial_rivers_small_3,
          chequers_serial_rivers_micro_c, chequers_serial_rivers_large_a,
          chequers_serial_rivers_micro_c, hellmonk_guarded_unrand_frostbite
D:12:     layout_stronghold, serial_shops, bzr_entry_dummy,
          minmay_misc_feat_roman
D:13:     layout_rooms, david_vaults_3, uniq_nessos
D:14:     layout_basic, nicolae_sextant

Skill      XL: |  1  2  3  4  5  6  7  8  9 10 11 12 13 |
---------------+----------------------------------------+-----
Axes           | 4 5 6 7 9 11 14 16 17 19 | 19.8
Fighting       | 4 5 6 8 9 10 | 10.5
Armour         | 3 4 5 7 8 10 11 | 11.0
Dodging        | 3 4 5 |  5.6
Shields        | 3 4 |  4.8
Polearms       | 1 4 |  4.0
Evocations     | 2 4 |  4.6

Action                   |  1- 3 |  4- 6 |  7- 9 | 10-12 | 13-15 || total
-------------------------+-------+-------+-------+-------+-------++-------
Melee: Hand axe          |    83 |   107 |   252 |     9 |       ||   451
       Headbutt          |    12 |    16 |    70 |   119 |     8 ||   225
       War axe           |       |       |       |   264 |       ||   264
       Spear             |       |       |       |    41 |       ||    41
       Executioner's axe |       |       |       |    63 |    24 ||    87
Invok: Berserk           |     1 |     2 |     3 |    10 |     1 ||    17
       Trog's Hand       |       |     2 |     5 |     9 |     1 ||    17
       Brothers in Arms  |       |       |       |     1 |       ||     1
  Use: Scroll            |       |       |     6 |    14 |     2 ||    22
       Potion            |       |       |       |     3 |     1 ||     4
Armor: Animal skin       |    18 |       |       |       |       ||    18
       Ring mail         |     9 |    46 |     6 |       |       ||    61
       Scale mail        |       |       |   100 |    29 |       ||   129
       Plate armour      |       |       |       |   255 |    20 ||   275
Dodge: Dodged            |    39 |    61 |   118 |   225 |    17 ||   460

Table legend: (Time is in decaauts)
 A = Elapsed time spent in this place.
 B = Non-inter-level travel time spent in this place.
 C = Inter-level travel time spent in this place.
 D = Time resting spent in this place.
 E = Time spent auto-exploring this place.
 F = Levels seen in this place.
 G = Mean time per level.
                   A        B        C        D        E       F      G
               +--------+--------+--------+--------+--------+-----+--------+
         Total |  13830 |  12695 |   1135 |    102 |  10711 |  15 |  922.0 |
       Dungeon |  13800 |  12665 |   1135 |    102 |  10711 |  14 |  985.7 |
        Bazaar |     29 |     29 |      0 |      0 |      0 |   1 |   29.0 |
               +--------+--------+--------+--------+--------+-----+--------+

Top non-repeatable levels by time:
    D:12: 1728 daAuts
     D:9: 1345 daAuts
     D:3: 1288 daAuts
    D:10: 1191 daAuts
     D:7: 1167 daAuts
     D:6: 1150 daAuts
    D:11: 1128 daAuts
     D:8: 1015 daAuts
     D:1: 867 daAuts
     D:4: 802 daAuts
    D:13: 758 daAuts
     D:2: 515 daAuts
     D:5: 434 daAuts
    D:14: 406 daAuts
  Bazaar: 29 daAuts
